cohdb
Replays
Latest Replays
All Replays
Popular Replays
Top Player Replays
Match Explorer
How It Works
Community
CoH3 Stats
Reddit
Sign in to upload your games and track your stats! →
Sign in with Steam
Match 36636984
Unlisted
Match 36636984
Overview
Messages
Build Orders
End
Panzergrenadier Squad
Panzergrenadier Squad
Selects Armored Support Battlegroup
Selects Armored Support Battlegroup
250 Light Carrier
Construct Light Support Kompanie
Selects Superior Fire Drills
2.5-tonne Medical Truck
Fire Support Elements
Assault Grenadier Squad
Pak 38 Mechanized Group
Flakvierling Half-track
Selects Flammpanzer III Medium Tank
Flammpanzer III Medium Tank
Brother
Kirky
Bruistablet
Lieutnant-Colonel Khabib
0
0
Comments
sign in to comment!
No comments posted yet!